 Dungeon Crawl Stone Soup version 0.18-a0-1196-g09327cf (webtiles) character file.

501 Reinor the Conjurer (level 6, -3/31 (32) HPs)
             Began as a Deep Elf Conjurer on Jan 30, 2016.
             Slain by an orc warrior
             ... wielding a +0 scimitar
              (8 damage)
             ... on level 4 of the Dungeon.
             The game lasted 00:15:16 (3069 turns).

Reinor the Conjurer (Deep Elf Conjurer)             Turns: 3069, Time: 00:15:16

HP:   -3/31 (32)    AC:  7    Str:  5    XL:     6   Next: 95%
MP:   7/17          EV: 12    Int: 22    God:
Gold: 160           SH:  4    Dex: 15    Spells: 5 memorised, 3 levels left

rFire  . . .     SeeInvis .     n - +0 dagger
rCold  . . .     Gourm    .     g - +0 leather armour
rNeg   . . .     Faith    .     (no shield)
rPois  .         Spirit   .     h - +2 hat
rElec  .         Dismiss  .     k - +1 cloak
rCorr  .         Reflect  +     (no gloves)
SustAt .         Harm     .     (no boots)
MR     .....                    d - +4 amulet of reflection
Stlth  ++........               (no ring)
                                (no ring)

@: not resistant to hostile enchantments, unstealthy
A: no striking features
a: no special abilities


You were on level 4 of the Dungeon.
You were hungry.

You visited 1 branch of the dungeon, and saw 4 of its levels.

You collected 160 gold pieces.

Inventory:

Hand Weapons
 n - a +0 dagger (weapon)
Missiles
 s - 19 poisoned needles
Armour
 g - a +0 leather armour (worn)
 h - a +2 hat (worn)
 k - a +1 cloak (worn)
Jewellery
 d - a +4 amulet of reflection (around neck)
Scrolls
 a - 3 scrolls of teleportation
 j - 5 scrolls of remove curse
Potions
 e - a potion of mutation
 i - a potion of lignification
 l - a potion of curing
 m - a potion of flight
 o - a potion of resistance
 q - 2 potions of heal wounds
Books
 b - a book of Conjurations

   Spells                             Type                      Level
   a - Magic Dart                     Conjuration                  1
   b - Searing Ray                    Conjuration                  2
   c - Dazzling Spray                 Conjuration/Hexes            3
   d - Fulminant Prism                Conjuration/Hexes            4
   e - Iskenderun's Mystic Blast      Conjuration                  4
   f - Iskenderun's Battlesphere      Conjuration/Charms           5
Comestibles
 c - 4 bread rations
 f - 2 chunks of flesh
 p - a royal jelly
 r - a meat ration
 v - 3 fruits


   Skills:
 - Level 2.4 Dodging
 - Level 2.4 Stealth
 - Level 6.8 Spellcasting
 + Level 7.5 Conjurations
 * Level 0.8 Charms


You had 3 spell levels left.
You knew the following spells:

 Your Spells              Type           Power        Failure   Level  Hunger
a - Magic Dart            Conj           ####         1%          1    None
b - Searing Ray           Conj           #####.       1%          2    None
c - Iskenderun's Battles  Conj/Chrm      ####....     80%         5    #####..
d - Dazzling Spray        Conj/Hex       ###.....     12%         3    None
e - Fulminant Prism       Conj/Hex       ###.......   34%         4    ###....


Dungeon Overview and Level Annotations

Branches:
Dungeon (4/15)
 Temple: D:4-7

Altars:
Fedhas
Gozag
Okawaru

Annotations:
D:4 Menkaure


Message History

Aim: an orc warrior, wielding a scimitar and wearing a chain mail (moderately wounded, blind)
The magic dart hits the orc warrior.
The orc warrior is moderately wounded.
The orc warrior barely misses you.
The orc warrior is no longer blind.
Casting: Magic Dart
Confirm with . or Enter, or press ? or * to list all spells.
Aiming: Dazzling Spray
Press: ? - help, Shift-Dir - straight line, f/p - orc warrior
Aim: an orc warrior, wielding a scimitar and wearing a chain mail (moderately wounded)
The spray of energy hits the orc warrior.
The orc warrior is severely wounded.
The orc warrior is dazzled.
The orc warrior hits you with a scimitar!
* * * LOW HITPOINT WARNING * * *
You are feeling hungry.
The orc warrior is no longer blind.
There is an open door here.
The orc warrior hits you with a scimitar!
You die...

#..# ....# #......##'##
#..##....# #..........#
#...)....# #..........#
#........###### .#..........#
#).......##...##..#...........
#.)##....##.......#...........
#..########...# #......####.
#........#..o.###+#......'..#.
#........'...@.#..#......#..#.
#........#.....+..#......#..#.
#........#....##..#......#..##
####..##....##...##..#......#####
......########...##..#..........#
.............#....#..#..........#
.............#....'..#..........#
..##..###'######.##..#..........#
#+##..##..#########'########.....


You could see an orc warrior.

Vanquished Creatures
  A necrophage (D:3)
  2 phantoms (D:4)
  An orc wizard (D:3)
  Jessica (D:3)
  An iguana (D:4)
  A worker ant (D:4)
  4 adders
  An ooze (D:3)
  3 worms
  3 giant geckos
  7 orcs
  A ball python (D:2)
  6 giant cockroaches
  14 goblins
  6 hobgoblins
  7 jackals
  A quokka (D:2)
  8 bats
  5 giant newts
  A jackal skeleton (D:4)
  3 kobolds
  A quokka skeleton (D:4)
  5 rats
83 creatures vanquished.

Notes
Turn   | Place    | Note
--------------------------------------------------------------
     0 | D:1      | Reinor the Deep Elf Conjurer began the quest for the Orb.
     0 | D:1      | Reached XP level 1. HP: 10/10 MP: 6/6
   134 | D:1      | Reached XP level 2. HP: 15/15 MP: 4/8
   138 | D:1      | Learned a level 2 spell: Searing Ray
   222 | D:1      | Reached skill level 5 in Conjurations
   642 | D:2      | Reached XP level 3. HP: 19/19 MP: 5/9
  1128 | D:2      | Reached skill level 6 in Conjurations
  1458 | D:2      | Reached XP level 4. HP: 24/24 MP: 6/10
  1665 | D:3      | Noticed a necrophage
  1925 | D:3      | Noticed Jessica
  1928 | D:3      | Killed Jessica
  1928 | D:3      | Reached skill level 7 in Conjurations
  1928 | D:3      | Reached XP level 5. HP: 12/28 MP: 5/11
  1940 | D:3      | Learned a level 5 spell: Iskenderun's Battlesphere
  2117 | D:3      | Found an opulent altar of Gozag.
  2117 | D:3      | Found a blossoming altar of Fedhas.
  2309 | D:3      | Killed a necrophage
  2493 | D:4      | Noticed a phantom
  2499 | D:4      | Learned a level 3 spell: Dazzling Spray
  2536 | D:4      | Killed a phantom
  2536 | D:4      | Reached skill level 5 in Spellcasting
  2536 | D:4      | Reached XP level 6. HP: 17/31 MP: 0/16
  2542 | D:4      | Learned a level 4 spell: Fulminant Prism
  2905 | D:4      | Found an iron altar of Okawaru.
  3003 | D:4      | Noticed Menkaure
  3041 | D:4      | Noticed an orc warrior
  3069 | D:4      | Slain by an orc warrior

Vault maps used:
D:1:      dpeg_arrival_pond
D:2:      first_bread
D:3:      gammafunk_temple_overflow_elements, uniq_jessica
D:4:      kennysheep_okawaru_gauntlet, uniq_menkaure

Action                   |  1- 3 |  4- 6 || total
-------------------------+-------+-------++-------
Melee: Unarmed           |     6 |       ||     6
       Dagger            |       |    26 ||    26
 Cast: Magic Dart        |    91 |   106 ||   197
       Searing Ray       |       |     2 ||     2
       Dazzling Spray    |       |     4 ||     4
  Use: Scroll            |     4 |     8 ||    12
  Eat: Chunk             |     1 |     5 ||     6
